Map: Simulacrum LE

Players

KillerQueen - Winner!

  • Race: Zerg Zerg
  • Spawn Location: 11:00

A.I. 1 (Harder)

  • Race: Protoss Protoss
  • Spawn Location: 5:00

VOD

Have the link to the VOD?

Description

Time

  • Played on: May 1, 2020, 11:02 p.m.
  • Length: 12:13
Show
View Real Time Build Order
Export as new Build Order

KillerQueen Zerg - Winner!

Build Orders: Hatch First, Lurkers 

Get SALT Encoding   

  12  0:01  Drone  
  13  0:35  Hatchery, Drone  
  13  0:39  Drone  
  14  0:59  Spawning Pool  
  14  1:04  Overlord  
  13  1:16  Drone  
  14  1:45  Zergling x4  
  14  1:46  Queen, Zergling x2  
  20  1:54  Zergling x2  
  20  1:58  Overlord, Extractor  
  19  2:01  Drone  
  19  2:03  Queen  
  19  2:07  Drone  
  23  2:10  Drone  
  24  2:20  Overlord  
  24  2:23  Drone  
  24  2:29  Drone  
  26  2:31  Extractor  
  26  2:35  Drone  
  26  2:40  Drone  
  26  2:48  Drone  
  26  2:57  Drone x2  
  27  3:03  Spine Crawler  
  26  3:07  Spine Crawler  
  26  3:11  Metabolic Boost  
  25  3:14  Drone  
  26  3:20  Drone  
  26  3:21  Drone  
  28  3:33  Roach Warren  
  27  3:39  Drone x3  
  30  3:46  Drone  
  30  3:47  Drone  
  31  3:59  Drone x4  
  35  4:05  Drone  
  35  4:07  Drone  
  37  4:12  Drone  
  37  4:15  Lair  
  38  4:21  Drone  
  39  4:24  Roach  
  39  4:29  Roach  
  43  4:33  Overlord x3  
  43  4:41  Overlord x2  
  43  4:50  Overlord x2, Spine Crawler  
  42  4:53  Zergling x2  
  42  4:56  Zergling x4  
  45  5:00  Zergling x2  
  45  5:01  Zergling x2  
  45  5:02  Zergling x2  
  45  5:03  Zergling x2  
  45  5:06  Drone  
  50  5:15  Roach  
  50  5:16  Roach x2  
  53  5:25  Zergling x2  
  53  5:26  Zergling x4  
  53  5:37  Drone x4  
  53  5:41  Drone  
  53  5:42  Drone  
  59  5:46  Drone  
  59  5:47  Drone x2, Hydralisk Den  
  61  5:50  Extractor  
  61  5:52  Extractor  
  60  5:57  Drone x2  
  60  5:58  Queen  
  63  6:08  Drone x2, Evolution Chamber  
  63  6:10  Evolution Chamber  
  63  6:12  Drone x3  
  63  6:16  Hydralisk  
  68  6:20  Hydralisk  
  68  6:23  Hydralisk  
  72  6:28  Hydralisk  
  74  6:39  Drone  
  76  6:40  Drone x4  
  76  6:41  Zerg Missile Weapons Level 1  
  76  6:42  Zerg Ground Armor Level 1  
  79  6:51  Lurker Den, Muscular Augments  
  79  6:53  Drone x4  
  82  7:07  Hydralisk x2  
  86  7:09  Extractor  
  86  7:10  Hatchery  
  84  7:24  Infestation Pit, Drone x7  
  84  7:26  Overseer  
  90  7:30  Drone  
  90  7:35  Overseer  
  91  7:53  Overlord x6, Extractor  
  91  7:56  Overseer x2  
  90  8:00  Hydralisk  
  92  8:11  Overlord  
  92  8:12  Hydralisk x5  
  94  8:16  Drone x2  
  104  8:32  Hydralisk x4  
  112  8:40  Hydralisk x3  
  112  8:41  Hydralisk  
  118  8:45  Lurker  
  118  8:48  Drone x3  
  122  8:54  Queen  
  122  8:55  Drone x2  
  118  9:16  Zergling x2  
  115  9:17  Zergling x14  
  120  9:26  Lurker  
  120  9:27  Lurker x5  
  120  9:28  Hydralisk  
  120  9:29  Queen  
  120  9:30  Overlord x2  
  130  9:42  Hydralisk x4  
  130  9:43  Hydralisk  
  140  9:48  Hatchery  
  140  9:50  Drone  
  140  9:51  Drone x2  
  140  9:52  Extractor  
  141  9:54  Extractor  
  140  10:02  Overseer, Hydralisk  
  140  10:03  Hydralisk x4  
  140  10:06  Roach x2  
  154  10:08  Roach  
  154  10:10  Roach  
  158  10:17  Overseer  
  158  10:26  Drone x4  
  158  10:27  Drone x2  
  164  10:42  Hydralisk  
  164  10:44  Overlord, Roach x2  
  164  10:45  Overlord  
  132  11:37  Hydralisk x6  
  132  11:38  Hydralisk x7  
Show
View Real Time Build Order
Export as new Build Order

A.I. 1 (Harder) Protoss 

Build Orders:  

Get SALT Encoding   

  12  0:00  Probe  
  13  0:13  Probe  
  14  0:19  Pylon  
  14  0:25  Probe  
  15  0:33  Probe  
  15  0:40  Gateway  
  15  0:41  Probe  
  17  0:50  Assimilator  
  17  0:51  Probe  
  18  1:00  Probe  
  18  1:01  Pylon  
  19  1:21  Probe  
  20  1:30  Zealot  
  20  1:32  Cybernetics Core  
  22  1:43  Gateway  
  22  1:47  Assimilator  
  22  1:58  Stalker  
  22  2:02  Pylon  
  24  2:17  Warp Gate  
  24  2:28  Adept  
  26  2:30  Stalker  
  28  2:46  Pylon  
  26  2:55  Zealot  
  26  2:58  Stalker  
  30  3:11  Probe  
  31  3:17  Stalker  
  31  3:23  Probe  
  34  3:28  Stalker  
  34  3:30  Forge  
  36  3:35  Probe  
  36  3:39  Pylon  
  37  3:47  Probe, Zealot  
  40  3:53  Adept  
  40  3:59  Probe  
  43  4:11  Probe  
  44  4:25  Protoss Ground Weapons Level 1  
  44  4:32  Sentry  
  44  4:34  Gateway  
  44  4:36  Pylon  
  46  4:40  Sentry  
  48  4:54  Sentry, Photon Cannon  
  48  4:58  Robotics Facility  
  50  5:03  Zealot  
  52  5:07  Pylon  
  52  5:17  Zealot  
  52  5:18  Photon Cannon  
  52  5:25  Zealot  
  44  5:33  Zealot  
  46  5:41  Adept  
  48  5:46  Observer  
  48  5:48  Stalker  
  51  5:56  Stalker  
  53  6:04  Adept  
  53  6:07  Observer  
  53  6:09  Nexus  
  56  6:13  Sentry  
  58  6:19  Protoss Ground Armor Level 1  
  58  6:29  Stargate  
  58  6:45  Twilight Council  
  58  6:48  Forge  
  58  7:21  Probe  
  58  7:22  Probe  
  60  7:31  Assimilator  
  60  7:33  Probe  
  60  7:35  Probe  
  60  7:36  Pylon  
  62  7:38  Pylon  
  62  7:40  Assimilator  
  62  7:45  Probe  
  62  7:47  Probe  
  64  7:58  Probe  
  65  7:59  Probe  
  65  8:00  Photon Cannon  
  65  8:01  Photon Cannon  
  65  8:02  Photon Cannon  
  66  8:10  Probe  
  66  8:11  Probe  
  68  8:18  Probe  
  68  8:23  Probe  
  68  8:27  Probe  
  71  8:35  Gateway  
  71  8:37  Stalker x2, Observer, Robotics Facility  
  71  8:39  Stalker x2  
  71  8:41  Stargate  
  71  8:58  Immortal  
  51  9:20  Observer  
  51  9:21  Robotics Bay  
  51  9:23  Stalker  
  46  9:27  Gateway  
  47  9:32  Stalker  
  47  9:36  Nexus  
  49  9:42  Stargate  
  49  10:00  Warp Prism  
  51  10:10  Colossus  
  57  10:26  Zealot, Warp Prism  
  59  10:35  Stalker  
  62  10:45  Stalker  
  64  10:54  Sentry  
  64  10:55  Stalker  
  68  11:02  Observer  
  68  11:03  Warp Prism  
  70  11:15  Stalker, Zealot  
  49  11:19  Probe, Zealot  
  49  11:21  Observer  
  47  11:31  Probe  
Tags
 
Composition
Lurkers
Matchup
PvZ
Spawn Locations
Cross Positions
Add a new tag
Caveats
  • Supply blocks, unpowered buildings, or Contaminate may cause inaccurate times.
  • Supply counts are checked every 10 seconds.